 Dungeon Crawl Stone Soup version 0.30-a0-168-g0b976cbdc4 (webtiles) character file.

Game seed: 7134665786681950845

18857 KennySheep the Carver (level 12, -1/75 HPs)
             Began as a Tengu Gladiator on Sept 30, 2022.
             Was an Elder of the Shining One.
             Slain by a black mamba (13 damage)
             ... on level 3 of the Lair of Beasts.
             The game lasted 00:37:11 (14707 turns).

KennySheep the Carver (Tengu Gladiator)            Turns: 14707, Time: 00:37:12

Health: -1/75      AC: 11    Str: 14    XL:     12   Next: 62%
Magic:  18/18      EV: 22    Int:  9    God:    the Shining One [****..]
Gold:   208        SH:  5    Dex: 34    Spells: 11/11 levels left

rFire   + . .      SeeInvis +    a - +9 falchion of Woe {flame, SInv}
rCold   . . .      Faith    .    (no shield)
rNeg    + + .      Spirit   .    I - +0 scale mail of Cowardice {Dex+7}
rPois   .          Reflect  +    W - +1 hat
rElec   .          Harm     .    F - +1 cloak
rCorr   .          Rampage  .    (no gloves)
Will    .....                    (boots unavailable)
Stlth   +.........               A - amulet of reflection
HPRegen 0.22/turn                J - +6 ring of dexterity
MPRegen 0.16/turn                K - ring of protection from fire

@: flying quickly and evasively, glowing, studying Armour, quick
A: beak, talons 3, nimble flight
a: Renounce Religion, Divine Shield, Cleansing Flame


You were on level 3 of the Lair of Beasts.
You worshipped the Shining One.
The Shining One was greatly pleased with you.
You visited 3 branches of the dungeon, and saw 14 of its levels.

You collected 885 gold pieces.
You spent 677 gold pieces at shops.

Inventory:

Hand Weapons
 a - the +9 falchion of Woe (weapon) {flame, SInv}
   (You bought it in a shop on level 4 of the Dungeon)

   It burns those it strikes, dealing additional fire damage.
   Big, fiery blades are also staple armaments of hydra-hunters.
   SInv:      It lets you see invisible.
 b - the +8 storm bow {elec, penet}
   (You found it on level 1 of the Lair of Beasts)

   Any ammunition fired from it occasionally discharges a powerful burst of
   electricity upon striking a foe.
   Any ammunition fired by it passes through the targets it hits, potentially
   hitting all targets in its path until it reaches maximum range.
 P - a +0 dagger
 T - a +0 long sword
Missiles
 d - 2 throwing nets (quivered)
 e - 6 javelins
 H - 4 silver javelins
Armour
 F - a +1 cloak (worn)
 I - the +0 scale mail of Cowardice (worn) {Dex+7}
   (You took it off a gnoll on level 5 of the Dungeon)

   Dex:       It affects your dexterity (+7).
 O - a +0 tower shield
 W - a +1 hat (worn)
Jewellery
 A - an amulet of reflection (around neck)
 J - a +6 ring of dexterity (left hand)
 K - a ring of protection from fire (right hand)
Wands
 w - a wand of polymorph (12)
 y - a wand of mindburst (22)
 z - a wand of acid (19)
 E - a wand of iceblast (10)
 L - a wand of flame (14)
 R - a wand of digging (8)
 V - a wand of charming (8)
Scrolls
 c - a scroll of butterflies {unknown}
 h - 5 scrolls of amnesia
 l - a scroll of summoning
 o - 2 scrolls of noise
 p - a scroll of blinking
 q - 2 scrolls of vulnerability
 s - 2 scrolls of enchant armour
 v - 3 scrolls of teleportation
 x - a scroll of fear
 B - 3 scrolls of enchant weapon
 C - 3 scrolls of magic mapping
 D - 2 scrolls of immolation
 G - a scroll of silence
 Q - a scroll of brand weapon
Potions
 f - 2 potions of curing
 g - 4 potions of flight
 i - 2 potions of degeneration {unknown}
 j - a potion of cancellation
 k - a potion of brilliance
 m - 3 potions of might
 n - a potion of heal wounds
 r - 2 potions of resistance
 t - a potion of attraction
 u - 5 potions of ambrosia
 M - a potion of magic
 N - a potion of haste {unknown}
 S - a potion of berserk rage {unknown}
 U - a potion of mutation


   Skills:
 + Level 8.4 Fighting
 * Level 12.9 Long Blades
 * Level 3.1 Ranged Weapons
 - Level 3.2 Throwing
 + Level 6.9 Armour
 + Level 9.6 Dodging
 - Level 1.0 Stealth
 - Level 4.9 Shields
 + Level 7.2 Invocations
 + Level 4.0 Evocations


You had 11 spell levels left.
You didn't know any spells.
Your spell library contained the following spells:

 Spells                   Type           Power      Damage    Failure   Level
 Apportation              Tloc           0%         N/A       82%         1
 Ensorcelled Hibernation  Hex/Ice        0%         N/A       91%         2
 Passwall                 Tmut/Erth      0%         N/A       91%         2
 Call Canine Familiar     Summ           0%         N/A       99%         3
 Kindle Blastsparks       Fire/Tloc/Air  0%         2d10      99%         3
 Portal Projectile        Hex/Tloc       0%         N/A       99%         3
 Stone Arrow              Conj/Erth      0%         3d7       99%         3
 Swiftness                Air            0%         N/A       99%         3
 Tukima's Dance           Hex            0%         N/A       99%         3
 Animate Armour           Summ/Erth      0%         N/A       100%        4
 Cause Fear               Hex            0%         N/A       100%        4
 Fulminant Prism          Conj/Hex       0%         3d6       100%        4
 Iskenderun's Mystic Bla  Conj/Tloc      0%         2d3       100%        4
 Leda's Liquefaction      Hex/Erth       0%         N/A       100%        4
 Passage of Golubria      Tloc           0%         N/A       100%        4
 Alistair's Intoxication  Tmut/Pois      0%         N/A       100%        5
 Blade Hands              Tmut           0%         N/A       100%        5
 Lee's Rapid Deconstruct  Erth           0%         3d5*      100%        5
 Silence                  Hex/Air        0%         N/A       100%        5
 Conjure Ball Lightning   Conj/Air       0%         3x3d6     100%        6
 Iron Shot                Conj/Erth      0%         9d1       100%        6
 Dragon Form              Tmut           0%         N/A       100%        7
 Lehudib's Crystal Spear  Conj/Erth      0%         10d2      100%        8
 Dragon's Call            Summ           0%         N/A       100%        9


Dungeon Overview and Level Annotations

Branches:
Dungeon (10/15)            Temple (0/1) D:6            Lair (3/5) D:10
    Orc (1/2) D:9
  Swamp: Lair:2-3    Shoals: Lair:2-3     Snake: Lair:2-3    Spider: Lair:2-3

Altars:
Cheibriados
Gozag
Sif Muna
Uskayaw
Vehumet
Wu Jian
The Shining One

Shops:
D:4 (   D:9 =

Annotations:
D:3 2 transporters, ThrustWizard's ghost, amateur DsHu
D:5 2 transporters, Iusername's ghost, novice MiFi
D:7 1 runed translucent door, Crazy Yiuf


Innate Abilities, Weirdness & Mutations

You have a beak for a mouth.
You have claws for feet.
Your magical nature lets you fly swiftly and evasively.


Message History

You claw the boulder beetle, but do no damage.
The boulder beetle is almost dead.
The boulder beetle is engulfed in calcifying dust.
You slash the boulder beetle! You burn the boulder beetle.
You claw the boulder beetle, but do no damage.
The boulder beetle is almost dead.
You slash the boulder beetle! You burn the boulder beetle.
You kill the boulder beetle!
Your Ranged Weapons skill increases to level 3!
Your Evocations skill increases to level 4!
Okay, then.
As you read the scroll of fear, it crumbles to dust.
You assume a fearsome visage.
The catoblepas looks frightened!
Found a stone staircase leading down.
There is a stone staircase leading down here.
You fly downwards.
The cane toad croaks.
Found 14 gold pieces and a scroll of amnesia.
There is a stone staircase leading up here.
The black mamba barely misses you. The black mamba misses you.
You hit the black mamba. You burn the black mamba.
The black mamba is lightly wounded.
The black mamba bites you!
You closely miss the black mamba.
You claw the black mamba, but do no damage.
The black mamba is lightly wounded.
The black mamba bites you.
* * * LOW HITPOINT WARNING * * *
You slash the black mamba! You burn the black mamba. You claw the black mamba.
The black mamba is heavily wounded.
The black mamba closely misses you.
You hit the black mamba. You burn the black mamba. You claw the black mamba.
The black mamba is severely wounded.
The black mamba bites you!
* * * LOW HITPOINT WARNING * * *
You hit the black mamba. You burn the black mamba.
Your kick misses the black mamba.
The black mamba is severely wounded.
The black mamba bites you!
You die...

#.. ...?. ##
..#.... ..#
##..#..##..#
P........##
#........$#
#........##
#.<.......#
#...F....P#
#..@.....P#
#..S.......
#...........
##..########
#... ...#
##.. #..


You could see a black mamba and a cane toad.

Vanquished Creatures
  Gastronok (Lair:1)
  A minotaur (Lair:1)
  2 hydras (Lair:2)
  The ghost of pigah the Zephyrmancer, a journeyman OpAE of Gozag (Lair:1)
  A boulder beetle (Lair:2)
  A two-headed ogre (D:9)
  A black mamba (Lair:1)
  Joseph (D:7)
  A cane toad (Lair:1)
  Maggie (D:6)
  Psyche (D:9)
  7 komodo dragons
  3 trolls
  Prince Ribbit (D:8)
  4 blink frogs (Lair:1)
  Grinder (D:6)
  A shadow (D:10)
  A wraith (D:10)
  A wyvern (D:10)
  10 yaks
  A steam dragon (D:9)
  2 wargs (D:9)
  Edmund (D:6)
  2 acid dragons
  8 water moccasins
  6 orc warriors
  4 black bears
  3 ice beasts
  2 ogres (D:5)
  5 centaurs
  4 wolves (Lair:1)
  2 kobold brigands
  Blork the orc (D:6)
  A phantom (D:5)
  13 bullfrogs
  2 scorpions (D:4)
  A necrophage (D:4)
  15 wights
  4 killer bees (D:9)
  5 howler monkeys
  A jelly (D:6)
  7 orc priests
  4 hounds
  A gnoll bouda (D:7)
  Jessica (D:3)
  Ijyb (D:5)
  4 iguanas
  13 orc wizards
  9 gnolls
  4 adders
  2 ufetubi (D:5)
  A worm (D:4)
  5 dart slugs
  31 orcs
  5 endoplasms
  5 giant cockroaches
  6 goblins
  6 hobgoblins
  5 jackals
  A quokka (D:1)
  12 ball pythons
  3 bats (D:1)
  4 frilled lizards
  20 kobolds
  6 rats
280 creatures vanquished.

Vanquished Creatures (others)
  37 fungi
  24 plants (D:10)
  2 toadstools (D:4)
63 creatures vanquished.

Grand Total: 343 creatures vanquished

Notes
Turn   | Place    | Note
-------+----------+-------------------------------------------
     0 | D:1      | KennySheep the Tengu Gladiator began the quest for the Orb.
     0 | D:1      | Reached XP level 1. HP: 12/12 MP: 2/2
   196 | D:1      | Reached XP level 2. HP: 17/17 MP: 3/3
   708 | D:1      | Reached XP level 3. HP: 21/21 MP: 4/4
  1054 | D:1      | Reached skill level 1 in Stealth
  1134 | D:1      | Found a faded altar of an unknown god.
  1143 | D:1      | Prayed at the altar of an unknown god.
  1143 | D:1      | Became a worshipper of the Shining One
  1143 | D:1      | Reached * piety under the Shining One
  2087 | D:3      | Noticed a water moccasin
  2095 | D:3      | Killed a water moccasin
  2096 | D:3      | Reached skill level 4 in Long Blades
  2096 | D:3      | Reached skill level 1 in Invocations
  2096 | D:3      | Reached XP level 4. HP: 8/27 MP: 1/5
  2096 | D:3      | Gained mutation: Your magical nature lets you fly swiftly
                  | and evasively. [Tengu growth]
  2096 | D:3      | Reached XP level 5. HP: 10/32 MP: 1/6
  2437 | D:3      | Got the Folio of Confrontation
  2448 | D:3      | Found a transporter.
  2458 | D:3      | Found a transporter.
  2459 | D:3      | Noticed ThrustWizard's ghost (amateur DsHu)
  2633 | D:3      | Noticed Jessica
  2640 | D:3      | Killed Jessica
  3000 | D:4      | Reached XP level 6. HP: 15/37 MP: 6/8
  3366 | D:4      | Reached skill level 5 in Long Blades
  3652 | D:4      | Noticed a black bear
  3655 | D:4      | Found a snail-covered altar of Cheibriados.
  3655 | D:4      | Found an ornate altar of the Wu Jian Council.
  3666 | D:4      | Killed a black bear
  3667 | D:4      | Reached XP level 7. HP: 8/41 MP: 5/9
  3955 | D:4      | Found an opulent altar of Gozag.
  3967 | D:4      | Found Diast's Weapon Emporium.
  4103 | D:5      | Entered Level 5 of the Dungeon
  4112 | D:5      | Reached skill level 6 in Long Blades
  4148 | D:5      | Reached skill level 5 in Dodging
  4690 | D:5      | Found a transporter.
  4690 | D:5      | Noticed Iusername's ghost (novice MiFi)
  4773 | D:5      | Reached XP level 8. HP: 48/48 MP: 11/11
  4790 | D:5      | Reached ** piety under the Shining One
  4830 | D:5      | Noticed Ijyb
  4851 | D:5      | Killed Ijyb
  4910 | D:5      | Reached skill level 7 in Long Blades
  5307 | D:5      | Identified the +0 scale mail of Cowardice {Dex+7}
  5741 | D:5      | Found a transporter.
  5846 | D:6      | Noticed Blork the orc
  5850 | D:6      | Killed Blork the orc
  6091 | D:6      | Reached skill level 5 in Fighting
  6255 | D:6      | Reached skill level 8 in Long Blades
  6294 | D:6      | Found a staircase to the Ecumenical Temple.
  6303 | D:6      | Noticed Grinder
  6315 | D:6      | Killed Grinder
  6316 | D:6      | Reached XP level 9. HP: 51/54 MP: 9/13
  6472 | D:6      | Noticed Edmund
  6488 | D:6      | Killed Edmund
  6741 | D:6      | Noticed Maggie
  6752 | D:6      | Killed Maggie
  6753 | D:6      | Reached skill level 1 in Armour
  7206 | D:6      | Reached skill level 9 in Long Blades
  7601 | D:7      | Identified the +0 robe "Jimn" {Int+5}
  7623 | D:7      | Noticed Joseph
  7639 | D:7      | Killed Joseph
  7819 | D:7      | Found a radiant altar of Vehumet.
  8318 | D:7      | Reached skill level 5 in Invocations
  8318 | D:7      | Reached XP level 10. HP: 59/60 MP: 12/14
  8660 | D:7      | Found a runed translucent door.
  8661 | D:7      | Noticed Crazy Yiuf
  9049 | D:8      | Reached skill level 10 in Long Blades
  9086 | D:8      | Reached skill level 1 in Shields
  9300 | D:8      | Noticed Prince Ribbit
  9329 | D:8      | Killed Prince Ribbit
  9599 | D:8      | Found a hide-covered altar of Uskayaw.
  9937 | D:9      | Noticed a two-headed ogre
 10408 | D:9      | Killed a two-headed ogre
 10666 | D:9      | Noticed Psyche
 10672 | D:9      | Killed Psyche
 10714 | D:9      | Found a staircase to the Orcish Mines.
 10804 | D:9      | Reached skill level 11 in Long Blades
 10894 | Orc:1    | Entered Level 1 of the Orcish Mines
 10917 | Orc:1    | Reached XP level 11. HP: 39/67 MP: 16/16
 11377 | D:4      | Bought the +9 falchion of Woe {flame, SInv} for 677 gold
                  | pieces
 11738 | D:9      | Found Gax Kiu's Jewellery Boutique.
 11846 | D:10     | Entered Level 10 of the Dungeon
 11918 | D:10     | Reached *** piety under the Shining One
 11945 | D:10     | Found a staircase to the Lair.
 11947 | D:10     | Reached skill level 5 in Armour
 11965 | D:10     | Reached skill level 1 in Evocations
 12239 | D:10     | Found a shimmering blue altar of Sif Muna.
 12891 | Lair:1   | Entered Level 1 of the Lair of Beasts
 13181 | Lair:1   | Noticed Gastronok
 13196 | Lair:1   | Killed Gastronok
 13197 | Lair:1   | Reached skill level 12 in Long Blades
 13395 | Lair:1   | Noticed a minotaur
 13400 | Lair:1   | Noticed pigah's ghost (journeyman OpAE)
 13400 | Lair:1   | Found the +8 storm bow {elec, penet}
 13460 | Lair:1   | Reached XP level 12. HP: 54/73 MP: 16/18
 13573 | Lair:1   | Identified the +5 war axe of the Sky {spect, Will+ Stlth+}
 13631 | Lair:1   | You are sucked into a shaft and drop 1 floor!
 13782 | Lair:1   | Found a glowing golden altar of the Shining One.
 13905 | Lair:1   | Found a runed translucent gate.
 13906 | Lair:1   | Found a runed translucent gate.
 13907 | Lair:1   | Found a runed translucent gate.
 14128 | Lair:1   | Killed pigah's ghost
 14211 | Lair:1   | Killed a minotaur
 14410 | Lair:2   | Noticed a five-headed hydra
 14422 | Lair:2   | Killed a one-headed hydra
 14423 | Lair:2   | Reached skill level 1 in Ranged Weapons
 14555 | Lair:2   | Noticed a five-headed hydra
 14555 | Lair:2   | Reached **** piety under the Shining One
 14573 | Lair:2   | Killed a two-headed hydra
 14660 | Lair:2   | Noticed a boulder beetle
 14661 | Lair:2   | Noticed a catoblepas
 14691 | Lair:2   | Killed a boulder beetle
 14707 | Lair:3   | Slain by a black mamba

Illustrated notes

Levels and vault maps discovered:
D:1:      tarquinn_simple_flora_water_d, layout_loops_corners,
          dreamdust_ecumenical_altar_grove
D:2:      layout_basic
D:3:      layout_basic, gammafunk_ghost_arena, uniq_jessica
D:4:      layout_basic, grunt_temple_overflow_open, serial_shops,
          nicolae_shop_bloodbath_and_beyond, minmay_gold_behind_fungi,
          kennysheep_generic_room_4
D:5:      layout_basic, gammafunk_ghost_smash, uniq_ijyb
D:6:      layout_layer_cave, minmay_temple_entry_drinking_statues, uniq_maggie,
          uniq_grinder, uniq_blork_the_orc, uniq_edmund
D:7:      layout_loops_corners, nicolae_vehumet_altar_sigil,
          uniq_crazy_yiuf_cottage, uniq_joseph
D:8:      layout_basic, kennysheep_mini_moat, uniq_prince_ribbit1
D:9:      layout_gridville, erik_orc_4, serial_shops, nicolae_stop_n_shop_1,
          uniq_psyche
D:10:     layout_cave_pods, lemuel_crystal_altar, due_lair_maze_entry_diamond
Lair:1:   layout_chaotic_city, basic_altar, maelrawn_ghost_gauntlet_escape,
          chequers_serial_rivers_micro_c, uniq_gastronok
Lair:2:   beast_lair_carwin_large_3, layout_misc_corridors, serial_bayou_ford_a,
          st_stairs_5, serial_bayou_shore_b
Lair:3:   layout_chaotic_city, swamp_mist_pool, dummy_snake_entry,
          gammafunk_ghost_ooze, chequers_serial_rivers_marsh,
          guppyfry_lair_drakes
Orc:1:    layout_caves, elves_outpost_lemuel

Skill      XL: |  1  2  3  4  5  6  7  8  9 10 11 12 |
---------------+-------------------------------------+-----
Stealth        | 1 |  1.0
Long Blades    | 4 5 6 8 9 11 12 | 12.9
Dodging        | 4 5 6 7 8 9 |  9.6
Invocations    | 1 2 4 5 6 7 |  7.2
Fighting       | 3 4 5 6 7 8 |  8.4
Throwing       | 3 |  3.2
Armour         | 2 4 5 6 |  6.9
Shields        | 3 4 |  4.9
Evocations     | 2 4 |  4.0
Ranged Weapons | 3 |  3.1

Action                   |  1- 3 |  4- 6 |  7- 9 | 10-12 || total
-------------------------+-------+-------+-------+-------++-------
Melee: Long sword        |    80 |    59 |   236 |   182 ||   557
       Kick              |    13 |    16 |   104 |   167 ||   300
       Peck              |     6 |    13 |    50 |    88 ||   157
       Punch             |       |     1 |     3 |       ||     4
       Falchion          |       |       |       |   211 ||   211
 Fire: Longbow           |       |       |       |     7 ||     7
Throw: Throwing net      |       |     1 |       |     1 ||     2
Invok: Divine Shield     |     1 |     1 |     4 |     6 ||    12
  Use: Scroll            |       |       |     7 |    11 ||    18
       Potion            |       |       |       |    14 ||    14
 Stab: Sleeping          |     2 |       |       |       ||     2
Armor: Leather armour    |    12 |     7 |    10 |       ||    29
       Scale mail        |       |       |     6 |    45 ||    51
Dodge: Dodged            |    55 |    52 |   134 |   143 ||   384
Block: Other             |     3 |     9 |    64 |    14 ||    90
       Tower shield      |       |       |       |   447 ||   447
       Reflection        |       |       |       |    15 ||    15

Table legend: (Time is in decaauts)
 A = Elapsed time spent in this place.
 B = Non-inter-level travel time spent in this place.
 C = Inter-level travel time spent in this place.
 D = Time resting spent in this place.
 E = Time spent auto-exploring this place.
 F = Levels seen in this place.
 G = Mean time per level.
                   A        B        C        D        E       F      G
               +--------+--------+--------+--------+--------+-----+--------+
         Total |  14107 |  13190 |    917 |   2541 |   8777 |  14 | 1007.6 |
       Dungeon |  12027 |  11136 |    891 |   2030 |   7598 |  10 | 1202.7 |
          Lair |   1719 |   1704 |     15 |    220 |   1179 |   3 |  573.0 |
  Orcish Mines |    360 |    350 |     10 |    290 |      0 |   1 |  360.0 |
               +--------+--------+--------+--------+--------+-----+--------+

Top non-repeatable levels by time:
     D:5: 1773 daAuts
     D:6: 1687 daAuts
  Lair:1: 1390 daAuts
     D:1: 1266 daAuts
     D:4: 1198 daAuts
     D:9: 1133 daAuts
     D:7: 1124 daAuts
     D:8: 1120 daAuts
    D:10: 972 daAuts
     D:3: 885 daAuts
     D:2: 865 daAuts
   Orc:1: 360 daAuts
  Lair:2: 323 daAuts
  Lair:3: 5 daAuts
